 Dungeon Crawl Stone Soup version 0.13.2 (webtiles) character file.

364 sanboga the Ducker (level 5, -3/46 HPs)
             Began as a Draconian Fighter on Oct 26, 2017.
             Slain by a green rat (5 damage)
             ... summoned by Eustachio
             ... on Level 4 of the Dungeon.
             The game lasted 00:15:46 (2566 turns).

sanboga the Ducker (Draconian Fighter)              Turns: 2566, Time: 00:15:47

HP  -3/46        AC  8     Str 18      XL: 5   Next: 47%
MP   4/4         EV 11     Int 14      God:
Gold 166         SH 18     Dex 11      Spells:  0 memorised,  4 levels left

Res.Fire  : . . .   See Invis. : .   a - +2 trident
Res.Cold  : . . .   Warding    : .   (armour unavailable)
Life Prot.: . . .   Conserve   : .   c - +0 shield
Res.Poison: .       Res.Corr.  : .   (helmet restricted)
Res.Elec. : .       Clarity    : .   (no cloak)
Sust.Abil.: + .     Spirit.Shd : .   b - +0 pair of gauntlets
Res.Mut.  : .       Stasis     : .   d - +1 pair of boots
Res.Rott. : .       Flight     : .   (no amulet)
Saprovore : . . .                    y - ring of sustain abilities
                                     r - +5 ring of intelligence

@: slightly resistant to hostile enchantments, unstealthy
A: unfitting armour, AC +5
a: no special abilities


You were on level 4 of the Dungeon.
You were not hungry.

You visited 1 branch of the dungeon, and saw 4 of its levels.

You collected 146 gold pieces.

Inventory:

Hand weapons
 a - a +2,+2 trident (weapon)
Missiles
 e - 20 darts (quivered)
Armour
 b - a +0 pair of gauntlets (worn)
 c - a +0 shield (worn)
 d - a +1 pair of boots (worn)
Magical devices
 n - a wand of magic darts (12)
Comestibles
 f - 3 bread rations
 k - 2 meat rations
 u - 5 apricots
 z - an apple
Scrolls
 l - a scroll of remove curse
 m - 2 scrolls of curse jewellery {unknown}
 p - a scroll of teleportation
Jewellery
 r - a +5 ring of intelligence (left hand)
 y - a ring of sustain abilities (right hand)
Potions
 g - a potion of confusion {unknown}
 h - a potion of might {unknown}
 i - 2 potions of heal wounds {unknown}
 o - 2 potions of flight {unknown}
 s - a potion of berserk rage {unknown}


   Skills:
 + Level 3.8 Fighting
 + Level 2.6 Polearms
 + Level 1.5 Throwing
 + Level 4.4 Dodging
 + Level 0.2 Stealth
 + Level 3.4 Shields
 + Level 0.2 Evocations


You had 4 spell levels left.
You didn't know any spells.

Dungeon Overview and Level Annotations

Branches:
Dungeon (4/27)
 Temple: D:4-7

Altars:
Cheibriados
Elyvilon
Fedhas

Annotations:
D:4 Eustachio


Message History

* * * LOW HITPOINT WARNING * * *
You block the lemure's attack. The green rat misses you. The lemure misses you.
You block the lemure's attack. The lemure completely misses you.
The green rat bites you.
* * * LOW HITPOINT WARNING * * *
You block the iron imp's attack.
Throwing (i - inventory):
e - 21 darts (quivered)
Press: ? - help, Shift-Dir - straight line, f/p - Eustachio
Aim: Eustachio, wielding a sabre of venom and wearing a leather armour (moderately wounded, moving very quickly)
You throw a dart. The dart misses the green rat.
The dart hits Eustachio.
Eustachio is heavily wounded.
The grey rat closely misses you. You block the lemure's attack.
The lemure hits you.
* * * LOW HITPOINT WARNING * * *
You block the lemure's attack. The lemure barely misses you.
You block the lemure's attack. The lemure closely misses you.
The green rat bites you.
* * * LOW HITPOINT WARNING * * *
The green rat bites you.
You die...

.|. ...... ..
.......#.
##.....#.##
#.........
###.......##
#..........#
#......5r#..#####
##.....r@.#.......
#(.....r55.8.8.8..
##.#..(.b....[....
#...@......8....
##.(....#######
###.....##
##.#....##
#......##
#.#.....#


You could see Eustachio, an iron imp, 2 green rats, 2 lemures, a grey rat and a
bat.

Vanquished Creatures
  A giant frog skeleton (D:4)
  5 adders
  2 giant mites
  3 worms (D:3)
  A giant eyeball (D:4)
  A giant gecko (D:2)
  4 oozes
  An orc (D:3)
  2 ball pythons
  10 bats
  5 giant cockroaches
  3 goblins
  13 hobgoblins
  6 jackals (D:1)
  8 kobolds
  5 giant newts
  2 quokkas
  11 rats
83 creatures vanquished.

Notes
Turn   | Place    | Note
--------------------------------------------------------------
     0 | D:1      | sanboga, the Draconian Fighter, began the quest for the Orb.
     0 | D:1      | Reached XP level 1. HP: 19/19 MP: 0/0
   156 | D:1      | Reached XP level 2. HP: 26/26 MP: 1/1
   417 | D:1      | Reached XP level 3. HP: 33/33 MP: 2/2
   898 | D:2      | Reached skill level 1 in Throwing
   982 | D:2      | Reached XP level 4. HP: 39/39 MP: 3/3
  1131 | D:2      | Found a snail-covered altar of Cheibriados.
  1132 | D:2      | Found a white marble altar of Elyvilon.
  1309 | D:2      | Found a blossoming altar of Fedhas.
  1547 | D:3      | Reached skill level 4 in Dodging
  2144 | D:3      | Reached XP level 5. HP: 46/46 MP: 4/4
  2540 | D:4      | Noticed Eustachio
  2551 | D:4      | Paralysed by a giant eyeball for 2 turns
  2566 | D:4      | HP: 2/46 [green rat[Eustachio] (1)]
  2566 | D:4      | Slain by a green rat

Action                   |  1- 3 |  4- 6 || total
-------------------------+-------+-------++-------
Melee: Trident           |   107 |   150 ||   257
Throw: Dart              |    29 |    34 ||    63
Evoke: Wand              |     1 |       ||     1
  Use: Scroll            |     3 |    10 ||    13
       Potion            |       |     3 ||     3
